← All builds
Suicide front / Cortex / Economy first / OBSERVED BUILD

Standard suicide front

Cortex Suicide front build order · Supreme Isthmus

The role's baseline economy-first play: fast Bot Lab, early Advanced Metal Extractor, and a Thug/Grunt/Aggravator mix pushed to hold the middle while teching up.

#raid #push · 1045 distinct matches · 183 players · 73% of Cortex Suicide front games · team won 57% of 1114 · Recently observed

HOW TO PLAY IT

Key timing: Bot Lab by 0:39

  1. Open 3 mex, then rush Bot Lab almost immediately.
  2. Finish Bot Lab and start pushing Thug, Grunt, Aggravator.
  3. Send units straight to middle to contest and stop leaks.
  4. Eat the Bot Lab for metal if 32% of games reach that point.
  5. Transition into Advanced Metal Extractor once middle is stable.

Phase by phase

TYPICAL OF ITS 1045 GAMES
  1. 1
  2. 2
  3. 3
PLAY THE OPENING

Follow the example game's first 6:00 step by step: what to build now, what comes next, and where it goes. At 1× it keeps pace with your own game.

  1. 1

    Up to the Bot Lab

    Economy
    • Metal Extractor2Mex
    Order
    1. Bot LabBot Lab after 2 mexdone ~0:37, middle half 0:27–0:45

    By 0:21 in all: 2 mex

    The example game in this phase · 1 step
    1. Bot LabBot Labdone 0:20 · typical 0:37
  2. 2

    Bot Lab to 5:00

    Economy
    • Metal Extractor3Mex
    • Wind Turbine2Wind
    Builders
    • Graverobber4 Graverobber
    • Construction Bot3 Con bot
    Army
    • Guard3 Guard
    • Thug16 Thug
    • Grunt3 Grunt
    Other
    • Radar Tower1 Radar Tower

    Some games also: aggravator (38%) · con turret (30%)

    By 5:00 in all: 5 mex · 3 wind

    The example game in this phase · 24 steps
    1. Mex
    2. GraverobberGraverobber
    3. GuardGuard
    4. Wind ×2
    5. GraverobberGraverobber ×2
    6. GruntGrunt ×6
    7. Construction BotCon bot
    8. ThugThug ×5
    9. Construction BotCon bot
    10. ThugThug
    11. Mex
    12. ThugThug
    13. Mex
    14. ThugThug ×3
    15. Mex
    16. Construction BotCon bot
    17. ThugThug ×3
    18. Mex
    19. ThugThug ×2
    20. Construction BotCon bot
    21. ThugThug ×4
    22. Mex
    23. ThugThug
    24. Construction BotCon bot
  3. 3

    5:00 to 10:00

    Economy
    • Metal Extractor1Mex
    • Wind Turbine12Wind
    Builders
    • Construction Turret1 Con turret
    • Graverobber3 Graverobber
    • Construction Bot1 Con bot
    Army
    • Guard1 Guard
    • Thug11 Thug
    • Grunt1 Grunt

    Some games also: aggravator (42%) · Radar Tower (39%) · energy storage (37%) · Twin Guard (31%)

    By 10:00 in all: 6 mex · 16 wind · 2 con turret

    The example game in this phase · 107 steps
    1. ThugThug ×2
    2. GuardGuard
    3. ThugThug ×2
    4. Wind
    5. ThugThug
    6. GuardGuard
    7. Construction BotCon bot
    8. ThugThug
    9. Converter
    10. ThugThug ×4
    11. ThistleThistle
    12. ThugThug
    13. Wind
    14. ThugThug
    15. GuardGuard
    16. ThugThug ×2
    17. Wind
    18. ThugThug
    19. GuardGuard
    20. ThugThug ×2
    21. Converter
    22. ThugThug ×2
    23. GuardGuard
    24. ThugThug
    25. Wind
    26. ThugThug
    27. Wind
    28. ThugThug ×2
    29. Wind
    30. ThugThug ×2
    31. Wind
    32. ThugThug
    33. Wind
    34. ThugThug ×2
    35. Wind
    36. ThugThug ×2
    37. Converter
    38. ThugThug ×2
    39. Wind
    40. ThugThug
    41. Wind
    42. ThugThug
    43. Converter
    44. ThugThug ×2
    45. Wind
    46. ThugThug
    47. Wind
    48. GraverobberGraverobber
    49. Wind
    50. GraverobberGraverobber
    51. Wind
    52. ThugThug
    53. Wind
    54. ThugThug
    55. Wind
    56. ThugThug ×2
    57. Converter
    58. ThugThug ×3
    59. Wind
    60. ThugThug
    61. Wind
    62. ThugThug
    63. Converter
    64. ThugThug
    65. Construction BotCon bot
    66. Wind
    67. Construction BotCon bot
    68. Wind
    69. ThugThug
    70. Wind
    71. ThugThug
    72. Wind
    73. ThugThug
    74. Wind
    75. ThugThug ×2
    76. Wind
    77. ThugThug ×2
    78. Converter
    79. ThugThug ×2
    80. Wind
    81. ThugThug ×2
    82. Wind
    83. ThugThug
    84. Converter
    85. ThugThug
    86. Wind
    87. ThugThug
    88. Wind ×2
    89. ThugThug
    90. Wind
    91. ThugThug
    92. Wind
    93. ThugThug
    94. Wind
    95. ThugThug
    96. Converter
    97. ThugThug ×2
    98. Wind
    99. ThugThug
    100. Wind
    101. ThugThug
    102. Converter
    103. Wind
    104. ThugThug
    105. Wind
    106. ThugThug
    107. Wind ×3

Counts are medians over the build's games: half of them build more, half fewer. The example game is PrivatePershing's (32 OS, 20/09/2026); pick another.

Team trades

IN AT LEAST 30% OF ITS GAMES

You hand over

Nothing regular.

You get

  • Tidal Generator4 Tidal from Pondfirst at 0:11 · in 69% of games
  • Advanced Construction Bot1 T2 con bot from Geo or Techfirst at 7:45 · in 55% of games

How it plays out

Typical game of this build, running totals by minute

Metal produced

010k20k
0:005:0010:0015:00

metal

Enemy metal destroyed

05k10k
0:005:0010:0015:00

metal

Own metal lost

05k10k
0:005:0010:0015:00

metal

1114 games.

Show as table
ByMetal produced: This buildEnemy metal destroyed: This buildOwn metal lost: This build
1:0033000
2:0094400
3:002036216172
4:003125732630
5:00427915411402
6:00546325172340
7:00663736383327
8:00782845684355
9:00894152995258
10:001020960156154
11:001156765596930
12:001313870187728
13:001475177538384
14:001637883418911
15:001776589649563
WHAT THE NUMBERS SAY

This baseline wins more often than most other roles' standard builds, with early aggression showing in high kills and losses alike.

  • + Team wins 54% of games, best winrate among the roles shown.
  • + First kill lands very early at 2:07 in all games.
  • − Own metal lost is heavy early, 1439 by 5:00.
  • − Enemy destroyed stays close to own losses through 15:00, a costly front.
THE EXAMPLE YOU ARE READING

PrivatePershing

32.3 OS · 20/09/2026

Open source match ↗

4 received units
513 metal received · 15105 energy received

Allied construction assistance is unknown. Timings are observations, not a promise of solo reproducibility.

Typical milestones

Bot Lab0:37Middle 50%: 0:27–0:45 · n=1108
Advanced Metal Extractor9:59Middle 50%: 9:00–11:14 · n=696

Played most by

XXMACGAMERXX134games of this build_Hawkey_70games of this build_X_61games of this buildrealisticjo52games of this buildAbyssFalcon46games of this build

Supporting games

Pick a game to read and play it above.

JustSomeGuy14/10/2026 · 43 OS↗_Hawkey_14/10/2026 · 65 OS↗Ling_long14/10/2026 · 41 OS↗XXMACGAMERXX14/10/2026 · 41 OS↗XXMACGAMERXX14/10/2026 · 42 OS↗_Hawkey_14/10/2026 · 65 OS↗XXMACGAMERXX14/10/2026 · 42 OS↗XXMACGAMERXX14/10/2026 · 42 OS↗PrivatePershing20/09/2026 · 32 OS↗
32 more of 1106, the most recent_Hawkey_14/10/2026 · 65 OS↗XXMACGAMERXX14/10/2026 · 42 OS↗Private_Gator13/10/2026 · 30 OS↗hox213/10/2026 · 32 OS↗hox213/10/2026 · 32 OS↗Thors_Hammer13/10/2026 · 31 OS↗AinzIsHere13/10/2026 · 39 OS↗AinzIsHere13/10/2026 · 39 OS↗_Hawkey_13/10/2026 · 65 OS↗I_pawngame_u13/10/2026 · 37 OS↗Lexosis13/10/2026 · 37 OS↗AinzIsHere13/10/2026 · 42 OS↗_Hawkey_13/10/2026 · 65 OS↗Rexalidus13/10/2026 · 35 OS↗Rexalidus13/10/2026 · 35 OS↗XXMACGAMERXX13/10/2026 · 40 OS↗XXMACGAMERXX13/10/2026 · 40 OS↗gmansawesome13/10/2026 · 33 OS↗[Cookie]CottonBuds13/10/2026 · 30 OS↗Fullchord13/10/2026 · 33 OS↗Vaticineur13/10/2026 · 32 OS↗DontStreamSnipeMeBro13/10/2026 · 30 OS↗FrontLiner69er12/10/2026 · 33 OS↗Sevendcell12/10/2026 · 30 OS↗ITz_SkySovereign12/10/2026 · 35 OS↗Sevendcell12/10/2026 · 30 OS↗Sevendcell12/10/2026 · 30 OS↗Hunfore12/10/2026 · 33 OS↗_Hawkey_12/10/2026 · 65 OS↗XXMACGAMERXX12/10/2026 · 40 OS↗XXMACGAMERXX12/10/2026 · 40 OS↗XXMACGAMERXX12/10/2026 · 40 OS↗
Supreme Isthmus v2.1
Beyond All Reason test-31357-b06bb1a
Naval balance tweaks on